 Dungeon Crawl Stone Soup version 0.14.1-24-gbdbe590 (webtiles) character file.

168 Konstantin the Grave Robber (level 4, 0/30 HPs)
             Began as a Mummy Necromancer on June 21, 2014.
             Killed by divine providence
             ... invoked by an orc priest
              (14 damage)
             ... on Level 3 of the Dungeon.
             The game lasted 00:36:46 (2908 turns).

Konstantin the Grave Robber (Mummy Necromancer)     Turns: 2908, Time: 00:36:46

HP   0/30        AC  5     Str 11      XL: 4   Next: 36%
MP   6/8         EV 11     Int 15      God:
Gold 75          SH  0     Dex 12      Spells:  3 memorised,  2 levels left

rFire  x . .     SeeInvis .     j - +0 dagger (venom)
rCold  + . .     Clarity  +     k - +0 leather armour
rNeg   + + +     Conserve .     (no shield)
rPois  +         rCorr    .     a - +1 helmet
rElec  .         rRot     +     (no cloak)
SustAb . .       Spirit   .     (no gloves)
rMut   .         Warding  .     (no boots)
Saprov . . .     Stasis   .     m - amulet of clarity {unknown}
MR     .....                    (no ring)
                                g - +0,+7 ring of slaying

@: not resistant to hostile enchantments, fairly stealthy
A: no food or potions, fire vulnerability, restore body, cold resistance 1, life
protection 3, poison resistance, torment resistance, unbreathing
a: no special abilities


You were on level 3 of the Dungeon.
You were not hungry.

You visited 1 branch of the dungeon, and saw 3 of its levels.

You collected 75 gold pieces.

Inventory:

Hand weapons
 j - a +0,+0 dagger of venom (weapon)
Missiles
 r - 5 tomahawks (quivered)
Armour
 a - a +1 helmet (worn)
 k - a +0 leather armour (worn)
Scrolls
 c - a scroll of teleportation {unknown}
 d - a scroll of identify
 f - a scroll of enchant weapon I {unknown}
 p - a scroll of remove curse
Jewellery
 g - a +0,+7 ring of slaying (left hand)
 m - an amulet of clarity (around neck) {unknown}
Books
 b - a book of Necromancy

   Spells                             Type                      Level
   *Pain                              Necromancy                   1
   *Animate Skeleton                  Necromancy                   1
   Lethal Infusion                    Charms/Necromancy            2
   Vampiric Draining                  Necromancy                   3
   Regeneration                       Charms/Necromancy            3
   *Animate Dead                      Necromancy                   4
   Control Undead                     Necromancy                   4


   Skills:
 + Level 2.0 Dodging
 + Level 2.3 Stealth
 * Level 2.8 Spellcasting
 * Level 4.7 Necromancy


You had 2 spell levels left.
You knew the following spells:

 Your Spells              Type           Power        Failure   Level  Hunger
a - Pain                  Necr           ###.         3%          1    N/A
b - Animate Skeleton      Necr           N/A          3%          1    N/A
c - Animate Dead          Necr           N/A          34%         4    N/A

Dungeon Overview and Level Annotations

Branches:
Dungeon (3/15)

Altars:


Innate Abilities, Weirdness & Mutations

You do not eat or drink.
Your flesh is vulnerable to fire.
Your flesh is cold resistant.
You are immune to negative energy.
Your system is resistant to poisons.
You are immune to unholy pain and torment.
You can survive without breathing.


Message History

Anything else - Stay silent.
Gang up on whom?
Press: ? - help, Dir - move target cursor, f - orc priest
Aim: an orc priest Attack!
An orc priest comes into view. It is wielding a war axe.
The orc priest utters an invocation to Beogh.
You feel a wave of unholy energy pass over you.
An orc comes into view.
You see here a dart.
The orc priest mumbles some strange prayers to Beogh against you.
Something smites you!
Ouch! That really hurt!
The orc priest glows brightly for a moment.
The orc priest's eyes start to glow.
The orc priest's eyes start to glow.
Your giant newt zombie bites the orc priest.
The orc priest invokes the aid of Beogh against you.
Something smites you!
You die...

....###.### #..#
............ ...
.##.##.#### ##.## .##.# #
#...# ....#
#...#########.... .####
#...##.(zzo.o.... .....
#.........#...... ...##
######...##.##.#o..##
....####........@..........
..........)...........#...
....####..................
...## ######...#####.#...
..## #..... .# # .)##
#...### ## ...# #...# ...#
#...# ##.# # .


You could see an orc priest, an orc, a friendly giant newt zombie and a friendly
orc zombie.

Vanquished Creatures
  An adder (D:2)
  8 orcs (D:3)
  3 ball pythons
  8 bats
  3 giant cockroaches
  6 hobgoblins
  15 kobolds
  A giant gecko (D:1)
  4 giant newts
  6 goblins
  6 rats
61 creatures vanquished.

Vanquished Creatures (collateral kills)
  A worm (D:2)
  A giant gecko (D:1)
  An orc (D:3)
  2 goblins (D:2)
5 creatures vanquished.

Vanquished Creatures (others)
  An adder skeleton (D:2)
  3 bat skeletons
  A giant cockroach zombie (D:3)
  A goblin skeleton (D:2)
  A kobold skeleton (D:2)
  An orc skeleton (D:3)
  A rat zombie (D:3)
9 creatures vanquished.

Grand Total: 75 creatures vanquished

Notes
Turn   | Place    | Note
--------------------------------------------------------------
     0 | D:1      | Konstantin, the Mummy Necromancer, began the quest for the Orb.
     0 | D:1      | Reached XP level 1. HP: 13/13 MP: 3/3
     2 | D:1      | Learned a level 1 spell: Animate Skeleton
   448 | D:1      | Reached XP level 2. HP: 19/19 MP: 2/4
  1284 | D:2      | Reached XP level 3. HP: 24/24 MP: 3/6
  2231 | D:3      | Reached XP level 4. HP: 30/30 MP: 6/8
  2254 | D:3      | Learned a level 4 spell: Animate Dead
  2908 | D:3      | Killed from afar by an orc priest

Action                   |  1- 3 |  4- 6 || total
-------------------------+-------+-------++-------
Melee: Dagger            |     1 |     2 ||     3
 Fire: Sling             |     2 |       ||     2
Throw: Dart              |     1 |       ||     1
 Cast: Pain              |    76 |    30 ||   106
       Animate Skeleton  |    26 |     1 ||    27
       Animate Dead      |       |     4 ||     4
  Use: Scroll            |     2 |     1 ||     3
